 Dungeon Crawl Stone Soup version 0.31-a0-204-g7da18cac08 (webtiles) character file.

Game seed: 1186301847061104865

51 Warped the Conjurer (level 3, -1/19 HPs)
             Began as a Deep Elf Conjurer on June 27, 2023.
             Succumbed to Jessica's poison
             ... on level 2 of the Dungeon.
             The game lasted 00:03:06 (1097 turns).

Warped the Conjurer (Deep Elf Conjurer)             Turns: 1097, Time: 00:03:06

Health: -1/19      AC:  3    Str:  4    XL:     3   Next: 58%
Magic:  2/10       EV: 11    Int: 24    God:
Gold:   95         SH:  0    Dex: 13    Spells: 7/10 levels left

rFire   . . .        e - +0 dagger
rCold   . . .        (no shield)
rNeg    . . .        g - +0 leather armour
rPois   .            (no helmet)
rElec   .            (no cloak)
rCorr   .            (no gloves)
SInv    .            (no boots)
Will    +....        (no amulet)
Stlth   ++           (no ring)
HPRegen 0.23/turn    (no ring)
MPRegen 0.12/turn

%: no passive effects
@: lethally poisoned (-1 -> -11), attractive, enlightened, flying
A: no striking features
a: no special abilities


You were on level 2 of the Dungeon.
You visited 1 branch of the dungeon, and saw 2 of its levels.

You collected 95 gold pieces.

Inventory:

Hand Weapons
 e - a +0 dagger (weapon)
Missiles
 i - 14 stones
Armour
 a - a +0 robe
 g - a +0 leather armour (worn)
Scrolls
 c - a scroll of identify {unknown}
 k - a scroll of fear {unknown}
Potions
 b - a potion of magic
 d - a potion of invisibility


   Skills:
 + Level 0.4 Armour
 + Level 2.7 Dodging
 - Level 2.4 Stealth
 * Level 4.2 Spellcasting
 * Level 5.0 Conjurations


You had 7 spell levels left.
You knew the following spells:

 Your Spells              Type           Power      Damage    Failure   Level
a - Magic Dart            Conj           100%       1d8       2%          1
b - Searing Ray           Conj           58%        2d6       3%          2

Your spell library contained the following spells:

 Spells                   Type           Power      Damage    Failure   Level
 Dazzling Flash           Conj/Hex       34%        N/A       19%         3
 Fulminant Prism          Conj/Hex       8%         3d7       52%         4
 Iskenderun's Mystic Bla  Conj/Tloc      17%        2d5       52%         4


Dungeon Overview and Level Annotations

Branches:
Dungeon (2/15)

Altars:

Annotations:
D:2 Jessica


Message History

Jessica drinks a potion.
Jessica flickers and vanishes!
Deactivating autopickup; reactivate with Ctrl-A.
The searing ray misses the hobgoblin.
You finish channelling your searing ray.
Something hits you.
You are poisoned.
Casting: Searing Ray (safe; 3% risk of failure)
Confirm with . or Enter, or press ? or * to list all spells.
Aiming: Searing Ray (safe; 3% risk of failure)
Press: ? - help, Shift-Dir - straight line, f - hobgoblin
Aim: a hobgoblin (79% to hit)
The searing ray misses the hobgoblin.
The searing ray hits the goblin!
You kill the goblin! (Press . to maintain the ray.)
You feel sick. Something hits you.
You are lethally poisoned!
It was a potion of curing.
You feel better. Something hits you!
You are lethally poisoned!
You feel better.
You hear some strange, mumbled words.
You aren't carrying any items that you can evoke.
Casting: Searing Ray (safe; 3% risk of failure)
Confirm with . or Enter, or press ? or * to list all spells.
Okay, then.
You hear some strange, mumbled words.
You hear some strange, mumbled words.
Pain shoots through your body! Something hits you!
You are lethally poisoned!
* * * LOW HITPOINT WARNING * * *
You feel very sick.
You hear some strange, mumbled words.
It was a potion of enlightenment.
You feel very buoyant.
You fly up into the air.
* * * LOW HITPOINT WARNING * * *
You feel very sick.
It was a potion of attraction.
You feel attractive to monsters.
You die...

⌠⌠~P⌠~....#
..........#
..........#
.........###
..........#
#######......#
#....†......<#
#......{.....#
#.g.g@...........
#.#######..#.#....
#§# #...###.....
#.# #....# ####
#)g.# #>.....
#g...§....####
###....g. ##g#..
...g


You could see a hobgoblin and a goblin.

Vanquished Creatures
  2 gnolls (D:2)
  2 giant cockroaches
  3 hobgoblins
  5 jackals (D:1)
  2 kobolds (D:1)
  3 quokkas (D:1)
  A ball python (D:1)
  4 frilled lizards (D:1)
  4 goblins
  3 rats
29 creatures vanquished.

Notes
Turn   | Place    | Note
-------+----------+-------------------------------------------
     0 | D:1      | Warped the Deep Elf Conjurer began the quest for the Orb.
     0 | D:1      | Reached XP level 1. HP: 10/10 MP: 6/6
    26 | D:1      | Noticed a redback
    26 | D:1      | Noticed a black mamba
    26 | D:1      | Noticed a hog
    27 | D:1      | Noticed a komodo dragon
    27 | D:1      | Noticed a rime drake
   225 | D:1      | Reached XP level 2. HP: 15/15 MP: 3/8
   229 | D:1      | Learned a level 2 spell: Searing Ray
   920 | D:2      | Reached XP level 3. HP: 15/19 MP: 3/10
   922 | D:2      | Reached skill level 5 in Conjurations
  1080 | D:2      | Noticed Jessica
  1097 | D:2      | Succumbed to Jessica's poison

Illustrated notes

Levels and vault maps discovered:
D:1:      onia_arrival_zoo_common, layout_rooms, st_stairs_1
D:2:      layout_basic, shapermc_ecumenical_altar_acropolis, minmay_door_square,
          uniq_robin, uniq_jessica

Skill      XL: |  1  2  3 |
---------------+----------+-----
Spellcasting   | 4 |  4.2
Conjurations   | 5 |  5.0
Armour         | |  0.4
Dodging        | |  2.7
Stealth        | |  2.4

Action                     || total
---------------------------++-------
  Melee: Dagger            ||     2
   Cast: Magic Dart        ||    33
         Searing Ray       ||     9
    Use: Potion            ||     4
 Armour: Leather armour    ||     2
  Dodge: Dodged            ||     3

Table legend: (Time is in decaauts)
 A = Elapsed time spent in this place.
 B = Non-inter-level travel time spent in this place.
 C = Inter-level travel time spent in this place.
 D = Time resting spent in this place.
 E = Time spent auto-exploring this place.
 F = Levels seen in this place.
 G = Mean time per level.
                   A        B        C        D        E       F      G
               +--------+--------+--------+--------+--------+-----+--------+
         Total |   1096 |    981 |    115 |     17 |    804 |   2 |  548.0 |
       Dungeon |   1096 |    981 |    115 |     17 |    804 |   2 |  548.0 |
               +--------+--------+--------+--------+--------+-----+--------+

Top non-repeatable levels by time:
     D:1: 982 daAuts
     D:2: 114 daAuts
